 Dungeon Crawl Stone Soup version 0.27.1-33-g824d729ab1 (webtiles) character file.

Game seed: 12429033238816524965

1666 hamarrboo the Ruffian (level 8, -7/75 HPs)
             Began as a Troll Monk on Dec 5, 2021.
             Was a High Priest of Fedhas.
             Mangled by a sixfirhy (10 damage)
             ... led by a cacodemon
             ... on level 1 of the Abyss.
             The game lasted 00:38:10 (5780 turns).

hamarrboo the Ruffian (Troll Monk)                  Turns: 5780, Time: 00:38:13

Health: -7/75      AC:  6    Str: 24    XL:     8   Next: 69%
Magic:  3/7        EV: 10    Int:  6    God:    Fedhas [*****.]
Gold:   482        SH:  0    Dex: 13    Spells: 7/7 levels left

rFire    . . .     SeeInvis .   C - +8 whip of the Stork {elec, +Blink rPois Will- Str+3}
rCold    . . .     Faith    .   (no shield)
rNeg     . . .     Spirit   .   f - +0 troll leather armour
rPois    +         Reflect  .   s - +1 hat
rElec    .         Harm     .   t - +0 cloak
rCorr    .         Rampage  .   (gloves unavailable)
Will     .....                  (boots unavailable)
Stlth    ++........             (no amulet)
HPRegen  2.22/turn              e - ring of flight
MPRegen  0.10/turn              x - +4 ring of slaying

@: flying
A: large, unfitting armour, claws 3, regeneration 1, shaggy fur 1, tough skin 1,
deformed body
a: Renounce Religion, Evoke Blink, Wall of Briars, Grow Ballistomycete,
Overgrow, Grow Oklob


You were on level 1 of the Abyss.
You worshipped Fedhas.
Fedhas was extremely pleased with you.
You visited 1 branch of the dungeon, and saw 8 of its levels.
You visited the Abyss 1 time.

You collected 482 gold pieces.

Inventory:

Hand Weapons
 C - the +8 whip of the Stork (weapon) {elec, +Blink rPois Will- Str+3}
   (You found it on level 6 of the Dungeon)

   It occasionally discharges a powerful burst of electricity upon striking a
   foe.
   Str:       It affects your strength (+3).
   rPois:     It protects you from poison.
   +Blink:    It lets you blink.
   Will:      It decreases your willpower.
Missiles
 g - 17 poisoned darts (quivered)
Armour
 f - a +0 troll leather armour (worn)
 s - a +1 hat (worn)
 t - a +0 cloak (worn)
Jewellery
 e - a ring of flight (left claw)
 q - a ring of willpower
 x - a +4 ring of slaying (right claw)
Wands
 w - a wand of digging (6)
 D - a wand of iceblast (5)
Scrolls
 b - 5 scrolls of identify {unknown}
 d - a scroll of enchant weapon {unknown}
 i - a scroll of blinking {unknown}
 j - a scroll of fog {unknown}
 k - a scroll of immolation {unknown}
 o - 2 scrolls of teleportation
 p - a scroll of vulnerability {unknown}
 v - 2 scrolls of acquirement {unknown}
 y - a scroll of fear {unknown}
 z - a scroll of noise {unknown}
Potions
 a - 2 potions of heal wounds {unknown}
 c - 2 potions of degeneration {unknown}
 h - a potion of magic {unknown}
 l - a potion of cancellation {unknown}
 m - a potion of lignification {unknown}
 n - a potion of haste {unknown}
 r - 2 potions of might {unknown}
 u - a potion of curing {unknown}
 A - a potion of attraction {unknown}
 B - a potion of flight {unknown}


   Skills:
 + Level 3.2 Fighting
 + Level 1.2 Maces & Flails
 + Level 3.8 Throwing
 + Level 2.8 Armour
 + Level 4.0 Dodging
 + Level 2.1 Stealth
 + Level 7.9 Unarmed Combat


You had 7 spell levels left.
You didn't know any spells.
Your spell library contained the following spells:

 Spells                   Type           Power      Damage    Failure   Level
 Blink                    Tloc           N/A        N/A       65%         2
 Manifold Assault         Tloc           0%         N/A       100%        5
 Storm Form               Tmut/Air       0%         N/A       100%        7
 Borgnjor's Revivificati  Necr           0%         N/A       100%        8
 Necromutation            Tmut/Necr      0%         N/A       100%        8
 Death's Door             Necr           0%         N/A       100%        9


Dungeon Overview and Level Annotations

Branches:
Dungeon (8/15)             Temple (0/1) D:6
   Lair: D:8-11

Altars:
Fedhas
Kikubaaqudgha
Nemelex Xobeh
Qazlal
Sif Muna
Vehumet
Wu Jian
Zin

Shops:
D:2 (

Annotations:
D:7 Maggie


Innate Abilities, Weirdness & Mutations

You are too large for most types of armour.
You have claws for hands.
Your natural rate of healing is unusually fast.
You are covered in fur. (AC +1)
You have tough skin. (AC +1)
Armour fits poorly on your strangely shaped body.


Message History

The sixfirhy hits you. The sixfirhy shocks you!
The sixfirhy hits you but does no damage.
The sixfirhy hits you. The sixfirhy shocks you!
* * * LOW HITPOINT WARNING * * *
The sixfirhy closely misses you. x2
You blink.
Found a corrupted altar of Lugonu.
You hear a grinding noise.
The sixfirhy hits you. The sixfirhy shocks you!
* * * LOW HITPOINT WARNING * * *
The sixfirhy hits you. The sixfirhy shocks you!
* * * LOW HITPOINT WARNING * * *
The sixfirhy barely misses you.
You blink.
The sixfirhy barely misses you. The sixfirhy closely misses you.
Press: ? - help, . - travel You can't see that place. [the floor.]
A briar patch grows up from the ground. x6
The chaos spawn gores your briar patch!
The chaos spawn freezes your briar patch!
Your briar patch is destroyed!
Your briar patch disappears in a puff of smoke!
You fly carefully through the plants.
The sixfirhy completely misses you. The sixfirhy hits you!
* * * LOW HITPOINT WARNING * * *
The sixfirhy shocks you!
* * * LOW HITPOINT WARNING * * *
The cacodemon hits your briar patch! x2
Your briar patch is destroyed!
Your briar patch disappears in a puff of smoke!
The sixfirhy completely misses your briar patch.
The sixfirhy hits your briar patch! The sixfirhy shocks your briar patch!
Your briar patch is destroyed!
Your briar patch disappears in a puff of smoke!
The sixfirhy hits you!
* * * LOW HITPOINT WARNING * * *
The sixfirhy shocks you!
You die...
Fedhas appreciates your contribution to the ecosystem.

.. .. ..#.## ## ..#.##
#.#...# ...#
.#.#.###.# ..# #....
..#.#..# ..##### # #
..#.#.##..##..........
......._#..#..#...#
#..#.##P§4......##
##....3.2#...##.#
#....@PP#.4.#.###
#...#..#.#...## #..#.
##...##...# ##.. ....#
....# #. .#..##.4.###
.. .#.#..4..## . #.. .
#.## # .# #..# # #..
##...#


You could see a cacodemon, a sixfirhy (ally target) and a chaos spawn.

Vanquished Creatures
  Sigmund (D:3)
  A neqoxec (Abyss:1)
  A water moccasin (D:5)
  Duvessa (D:6)
  A black bear (D:7)
  An ice beast (D:7)
  A bullfrog (D:4)
  A scorpion (D:4)
  Dowan (D:6)
  A water moccasin zombie (D:5)
  A water moccasin skeleton (D:4)
  A jelly (D:5)
  4 hounds
  2 centaur skeletons
  3 bullfrog skeletons
  An iguana (D:3)
  Natasha (D:3)
  3 orc wizards (D:5)
  A howler monkey zombie (D:4)
  6 gnolls
  A howler monkey skeleton (D:6)
  A river rat (D:5)
  5 adders
  A shadow imp (D:7)
  A white imp (D:7)
  3 ufetubi
  5 worms
  3 dart slugs
  9 orcs
  10 endoplasms
  5 giant cockroaches
  10 hobgoblins
  3 jackals (D:3)
  2 quokkas (D:1)
  8 ball pythons
  4 bats
  3 frilled lizards
  13 goblins
  9 kobolds
  3 rats
132 creatures vanquished.

Notes
Turn   | Place    | Note
-------+----------+-------------------------------------------
     0 | D:1      | hamarrboo the Troll Monk began the quest for the Orb.
     0 | D:1      | Reached XP level 1. HP: 22/22 MP: 0/0
   157 | D:1      | Reached XP level 2. HP: 29/29 MP: 1/1
   354 | D:1      | Found a faded altar of an unknown god.
   362 | D:1      | Became a worshipper of Fedhas Madash
   362 | D:1      | Reached * piety under Fedhas
   362 | D:1      | Reached ** piety under Fedhas
   603 | D:1      | Reached XP level 3. HP: 36/36 MP: 2/2
   629 | D:1      | Reached *** piety under Fedhas
   860 | D:2      | Reached XP level 4. HP: 42/44 MP: 3/3
   920 | D:2      | Found Leotam's Weapon Shop.
  1248 | D:2      | Reached skill level 4 in Unarmed Combat
  1310 | D:2      | Reached XP level 5. HP: 52/52 MP: 4/4
  1995 | D:3      | Noticed Sigmund
  2005 | D:3      | Killed Sigmund
  2006 | D:3      | Reached skill level 1 in Armour
  2006 | D:3      | Reached skill level 5 in Unarmed Combat
  2006 | D:3      | Reached XP level 6. HP: 52/59 MP: 5/5
  2050 | D:3      | Reached **** piety under Fedhas
  2101 | D:3      | Noticed Natasha
  2114 | D:3      | Killed Natasha
  2542 | D:5      | Entered Level 5 of the Dungeon
  2763 | D:4      | Reached skill level 1 in Throwing
  2763 | D:4      | Reached XP level 7. HP: 67/67 MP: 6/6
  2817 | D:4      | Found a sparkling altar of Nemelex Xobeh.
  2818 | D:4      | Found a stormy altar of Qazlal.
  3020 | D:6      | Found a glowing drain.
  3211 | D:4      | Reached skill level 6 in Unarmed Combat
  3568 | D:5      | Found a glowing silver altar of Zin.
  3847 | D:5      | Found an ornate altar of the Wu Jian Council.
  3930 | D:5      | Found a radiant altar of Vehumet.
  3943 | D:5      | Found an ancient bone altar of Kikubaaqudgha.
  3958 | D:5      | Found a shimmering blue altar of Sif Muna.
  4090 | D:5      | Reached ***** piety under Fedhas
  4548 | D:7      | Noticed Maggie
  4563 | D:6      | Reached skill level 7 in Unarmed Combat
  4563 | D:6      | Reached XP level 8. HP: 75/75 MP: 7/7
  4563 | D:6      | Found a staircase to the Ecumenical Temple.
  4691 | D:6      | Noticed Dowan
  4692 | D:6      | Noticed Duvessa
  4719 | D:6      | Killed Duvessa
  4726 | D:6      | Killed Dowan
  4873 | D:6      | Identified the +8 whip of the Stork {elec, +Blink rPois
                  | Will- Str+3}
  5626 | D:7      | Cast into level 1 of the Abyss (Maggie)
  5730 | Abyss:1  | Gained mutation: Armour fits poorly on your strangely
                  | shaped body. [a neqoxec]
  5734 | Abyss:1  | Reached skill level 1 in Maces & Flails
  5753 | Abyss:1  | Noticed a cacodemon
  5753 | Abyss:1  | Noticed a sixfirhy
  5753 | Abyss:1  | Noticed an orange demon
  5767 | Abyss:1  | Found a corrupted altar of Lugonu.
  5780 | Abyss:1  | HP: 3/75 [sixfirhy[a cacodemon] (9)]
  5780 | Abyss:1  | Mangled by a sixfirhy

Illustrated notes

Levels and vault maps discovered:
D:1:      heliophobic_arrival_henge, layout_loops_cross,
          ebering_ecumenical_altar_hall
D:2:      layout_basic, serial_shops, shop_statue
D:3:      layout_rooms, minmay_goblin_kobold_house, uniq_sigmund, uniq_natasha
D:4:      layout_layer_cave, gammafunk_temple_overflow_pools
D:5:      layout_gridville, palyth_temple_overflow_mages,
          mainiacjoe_overflow_tiny_flanked, mainiacjoe_overflow_surrounded_room,
          st_stairs_13, hangedman_glass_teeth
D:6:      layout_basic, minmay_temple_entry_purple_smoke, portal_sewer_entry_a,
          uniq_duvessa
D:7:      layout_loops_ring, ashenzari_altar_1, serial_bayou_crossing,
          uniq_maggie
D:8:      layout_rooms, lemuel_coloured_pillars_altar, water_boxes_lemuel
Abyss:1:  base:
D:2

Skill      XL: |  1  2  3  4  5  6  7  8 |
---------------+-------------------------+-----
Dodging        | 3 4 |  4.0
Unarmed Combat | 4 5 7 |  7.9
Armour         | 1 2 |  2.8
Fighting       | 3 |  3.2
Throwing       | 1 2 3 |  3.8
Stealth        | 2 |  2.1
Maces & Flails | 1 |  1.2

Action                   |  1- 3 |  4- 6 |  7- 9 || total
-------------------------+-------+-------+-------++-------
Melee: Unarmed           |    76 |   166 |    84 ||   326
       Punch             |     2 |     7 |     8 ||    17
       Whip              |       |       |    40 ||    40
Throw: Dart              |       |    23 |    56 ||    79
Invok: Wall of Briars    |       |     1 |     1 ||     2
 Abil: Evoke Blink       |       |       |     3 ||     3
  Use: Scroll            |       |       |     1 ||     1
 Stab: Sleeping          |     5 |     2 |       ||     7
Armor: Robe              |    16 |     2 |       ||    18
       Troll leather arm |       |    37 |    49 ||    86
Dodge: Dodged            |    22 |    61 |    67 ||   150
